 Dungeon Crawl Stone Soup version 0.27.1-34-g3ba077fa99 (webtiles) character file.

Game seed: 5469625530304399998

43 pkoi the Insei (level 3, -1/31 HPs)
             Began as a Draconian Monk on Jan 17, 2022.
             Killed from afar by Sigmund (5 damage)
             ... with a puff of flame
             ... on level 2 of the Dungeon.
             The game lasted 00:02:29 (2043 turns).

pkoi the Insei (Draconian Monk)                     Turns: 2043, Time: 00:02:29

Health: -1/31      AC:  5    Str: 13    XL:     3   Next: 37%
Magic:  3/3        EV: 12    Int: 11    God:
Gold:   41         SH:  0    Dex: 13    Spells: 2/2 levels left

rFire    . . .     SeeInvis .     - Unarmed
rCold    . . .     Faith    .   (no shield)
rNeg     + . .     Spirit   .   (armour unavailable)
rPois    .         Reflect  .   (helmet restricted)
rElec    .         Harm     .   (no cloak)
rCorr    .         Rampage  .   (no gloves)
Will     .....                  (no boots)
Stlth    ++........             (no amulet)
HPRegen  0.10/turn              a - ring of positive energy
MPRegen  0.08/turn              (no ring)

@: no status effects
A: AC +5, unfitting armour, cold-blooded
a: no special abilities


You were on level 2 of the Dungeon.
You visited 1 branch of the dungeon, and saw 2 of its levels.

You collected 41 gold pieces.

Inventory:

Hand Weapons
 f - a +1 short sword
Missiles
 e - 11 poisoned darts (quivered)
Jewellery
 a - a ring of positive energy (left hand)
Potions
 b - a potion of brilliance {unknown}


   Skills:
 - Level 3.2 Fighting
 - Level 2.6 Dodging
 - Level 1.7 Stealth
 + Level 4.5 Unarmed Combat


You had 2 spell levels left.
You didn't know any spells.
Your spell library was empty.

Dungeon Overview and Level Annotations

Branches:
Dungeon (2/15)

Altars:

Annotations:
D:2 Sigmund


Innate Abilities, Weirdness & Mutations

Your plain brown scales are hard. (AC +5)
You cannot fit into any form of body armour.
You are cold-blooded and may be slowed by cold attacks.


Message History

There is an open door here.
You open the door.
There is an open door here.
Sigmund the Dreaded comes into view.
He is wielding a +0 scythe and wearing a +2 robe of positive energy.
Sigmund is nearby!
Sigmund is nearby!
Sigmund is nearby!
There is an open door here.
You close the door.
Sigmund opens the door.
Sigmund points at you and mumbles some strange words.
The puff of flame hits you!
Sigmund points at you and mumbles some strange words.
The puff of flame misses you.
There is an open door here.
Sigmund flickers, as though insubstantial.
Sigmund gestures at you while chanting.
You are confused.
Sigmund hits you but does no damage.
Sigmund hits you from afar with a +0 scythe!
* * * LOW HITPOINT WARNING * * *
You feel less confused. Sigmund gestures at you while chanting.
You resist with significant effort.
Sigmund points at you and mumbles some strange words.
The magic dart hits you.
* * * LOW HITPOINT WARNING * * *
Sigmund gestures at you while chanting.
You are confused.
You bump into the rock wall.
Sigmund mumbles some strange words.
Sigmund flickers and vanishes!
Deactivating autopickup; reactivate with Ctrl-A.
You bump into the rock wall.
Something hits you!
* * * LOW HITPOINT WARNING * * *
You bump into the rock wall.
Something hits you but does no damage.
You feel less confused.
A puff of flame appears from out of thin air!
The puff of flame hits you.
You die...

#.# ##.....## ##.# #.#
##...## #.### #.## ##'##
#...# #..# #.# ###.# ##†# #.#
#.# #.########.## #.#
#####.......#...## #.#
#.....†...#......####### #.#
#.###.........@........####.#
#.####.##.#.##.#######......#
#.........#.##.# ########
######.####.##.# #......##{#
#########.# #.# #.# #.#


There were no monsters in sight!

Vanquished Creatures
  A dart slug (D:2)
  An orc (D:2)
  3 endoplasms (D:1)
  2 giant cockroaches
  5 goblins (D:1)
  2 hobgoblins (D:1)
  4 jackals (D:1)
  2 quokkas (D:1)
  2 ball pythons (D:1)
  2 bats (D:2)
  4 frilled lizards
  4 kobolds (D:1)
  6 rats
38 creatures vanquished.

Notes
Turn   | Place    | Note
-------+----------+-------------------------------------------
     0 | D:1      | pkoi the Draconian Monk began the quest for the Orb.
     0 | D:1      | Reached XP level 1. HP: 19/19 MP: 1/1
   202 | D:1      | Found a faded altar of an unknown god.
   590 | D:1      | Reached XP level 2. HP: 22/26 MP: 2/2
   889 | D:1      | Reached skill level 4 in Unarmed Combat
  1195 | D:1      | Reached XP level 3. HP: 29/31 MP: 3/3
  2005 | D:2      | Noticed Sigmund
  2043 | D:2      | Killed from afar by Sigmund

Illustrated notes

Levels and vault maps discovered:
D:1:      dpeg_arrival_signposts, layout_loops_ring, basic_ecumenical_altar,
          hex_tiny, st_stairs_10
D:2:      minmay_door_path, layout_loops_corners, uniq_sigmund

Skill      XL: |  1  2 |
---------------+-------+-----
Unarmed Combat | 4 |  4.5
Fighting       | |  3.2
Dodging        | |  2.6
Stealth        | |  1.7

Action                   || total
-------------------------++-------
Melee: Unarmed           ||   145
       Tailslap          ||    13
       Punch             ||     2
  Use: Scroll            ||     3
 Stab: Sleeping          ||     4
Armor: Skin              ||    44
Dodge: Dodged            ||    97
